Philadelphia Flyers vs Hartford Whalers

Created - Sunday, August 17, 2025 at 09:29

Goals
1 2 3 OT1 SO T
Philadelphia Flyers 0 3 2 0 1 6
Hartford Whalers 2 1 2 0 0 5
Shots
1 2 3 OT1 SO T
Philadelphia Flyers 3 15 6 1 3 25
Hartford Whalers 12 16 16 1 3 45

1st period

1. Hartford Whalers , Joshua Norris 2 (Matthew Coronato 2) at 13:09
2. Hartford Whalers , Tom Wilson 5 (Nick Suzuki 7) at 17:04 (PP)

Penalties :
Tyler Myers (HFD) for Holding (Minor) at 14:16, J.J. Moser (PHI) for Interference (Minor) at 16:50

2nd period

3. Philadelphia Flyers , Colton Sissons 6 (Marcus Johansson 4) at 5:08
4. Philadelphia Flyers , Brandon Duhaime 2 (Cody Glass 7) at 5:14
5. Hartford Whalers , Anthony Cirelli 4 (Pierre-Luc Dubois 5, Tomas Hertl 3) at 16:02 (PP)
6. Philadelphia Flyers , Radek Faksa 1 (Will Borgen 4, Miles Wood 1) at 19:01

Penalties :
Brandon Duhaime (PHI) for High sticking (Minor) at 15:43, Tyler Myers (HFD) for Hooking (Minor) at 19:58

3rd period

7. Philadelphia Flyers , Louis Crevier 3 (Marcus Johansson 5, Luca Del Bel Belluz 4) at 0:15 (PP)
8. Hartford Whalers , Nick Suzuki 5 (Joshua Norris 9) at 4:17 (PP)
9. Philadelphia Flyers , Miles Wood 3 (Marcus Johansson 6, Will Borgen 5) at 8:38
10. Hartford Whalers , Tomas Hertl 3 (Tyler Myers 2, Tom Wilson 7) at 13:54

Penalties :
Jack McBain (PHI) for Roughing (Minor) at 4:00, Jack McBain (PHI) for High sticking (Minor) at 5:07, Nick Blankenburg (PHI) for Tripping (Minor) at 9:50, Louis Crevier (PHI) for Tripping (Minor) at 13:57

Overtime #1

No Goal

Penalties :
No Penalty

Shootout

Philadelphia Flyers, Thomas Novak - Shot Misses the Net
Hartford Whalers, Nick Suzuki - Shot Misses the Net
Philadelphia Flyers, Jeff Skinner - Goal!
Hartford Whalers, Tom Wilson - Stopped by Jake Allen
Philadelphia Flyers, Marcus Johansson - Shot Misses the Net
Hartford Whalers, Joshua Norris - Stopped by Jake Allen

Penalties :
No Penalty

Goalie Stats

Jake Allen (PHI), 40 saves from 45 shots - (0.889), W, 4-3-1, 65:00 minutes
Samuel Montembeault (HFD), 20 saves from 25 shots - (0.800), OTL, 3-3-3, 65:00 minutes

Players Stats for Philadelphia Flyers

Player Name              G  A  P  +/- PIM S  H  SB GA TA FO     MP     PP MP  PK MP  
------------------------------------------------------------------------------------
Brandon Duhaime          1  0  1   0  2   2  1  0  1  0  1/1    15:37   0:00   2:43 
Casey Cizikas            0  0  0   0  0   0  1  0  0  0  0/0    13:12   0:00   0:42 
Cody Glass               0  1  1   0  0   0  3  0  0  0  9/17   15:54   1:02   0:00 
Colton Sissons           1  0  1   1  0   5  1  2  1  1  9/20   19:11   0:52   3:42 
Henri Jokiharju          0  0  0   0  0   1  1  1  0  0  0/0    23:14   1:03   1:54 
J.J. Moser               0  0  0   0  2   1  1  1  1  1  0/0    19:44   0:00   0:08 
Jack McBain              0  0  0   0  4   1  0  0  1  0  0/1    14:37   0:00   1:55 
Jeff Skinner             0  0  0   0  0   1  1  0  0  0  0/1    16:01   1:02   0:00 
Joel Edmundson           0  0  0   0  0   4  2  2  0  0  0/0    25:20   1:03   3:09 
Juuso Parssinen          0  0  0   1  0   2  2  0  1  0  0/0    15:23   0:10   1:18 
Louis Crevier            1  0  1   2  2   1  0  1  0  1  0/0    18:57   1:13   2:32 
Luca Del Bel Belluz      0  1  1   0  0   1  0  2  0  0  4/13   13:25   1:14   0:00 
Marcus Johansson         0  3  3   1  0   1  0  0  2  0  0/0    15:18   1:14   0:00 
Miles Wood               1  1  2   1  0   1  2  0  1  0  1/1    12:30   0:00   0:05 
Nick Blankenburg         0  0  0  -1  2   1  1  2  0  1  0/0    24:25   1:13   2:34 
Radek Faksa              1  0  1   1  0   1  0  0  0  0  9/15   15:43   0:00   3:09 
Thomas Novak             0  0  0   1  0   0  0  0  1  0  0/0    15:48   1:14   0:00 
Will Borgen              0  2  2   3  0   2  2  4  0  2  0/0    18:48   0:00   3:17 

Players Stats for Hartford Whalers

Player Name              G  A  P  +/- PIM S  H  SB GA TA FO     MP     PP MP  PK MP  
------------------------------------------------------------------------------------
Anders Lee               0  0  0  -2  0   3  3  0  0  0  0/0    16:07   0:00   0:00 
Anthony Cirelli          1  0  1  -2  0   5  1  1  0  1  8/24   20:39   3:30   0:59 
Braden Schneider         0  0  0   1  0   1  1  0  0  1  0/0    13:56   0:00   0:00 
Charlie McAvoy           0  0  0   1  0   2  1  0  0  2  0/0    14:35   0:00   0:41 
Devon Toews              0  0  0  -2  0   2  3  0  0  0  0/0    22:01   3:18   1:03 
Dylan Guenther           0  0  0   1  0   2  1  0  1  0  0/0    13:42   0:00   0:00 
Frank Nazar              0  0  0  -1  0   2  0  0  0  0  0/0     9:06   0:00   0:00 
Jonathan Drouin          0  0  0  -1  0   3  0  0  0  0  0/0    10:21   0:00   0:16 
Joshua Norris            1  1  2   1  0   6  2  2  0  1  7/9    17:24   3:17   0:47 
Kaapo Kakko              0  0  0  -1  0   2  0  0  0  1  4/7     9:48   0:00   0:00 
Matthew Coronato         0  1  1   1  0   0  0  0  0  0  0/0    12:15   0:00   0:00 
Nick Suzuki              1  1  2   0  0   3  0  0  0  0  17/28  21:26   3:17   1:15 
Pierre-Luc Dubois        0  1  1  -2  0   0  1  1  2  0  0/0    17:42   3:30   0:00 
Seth Jones               0  0  0  -1  0   2  1  0  1  3  0/0    28:54   3:29   1:13 
Tom Wilson               1  1  2   0  0   4  2  0  2  0  0/1    21:13   3:17   1:15 
Tomas Hertl              1  1  2   0  0   4  2  0  0  0  0/0    18:15   3:30   0:00 
Tyler Myers              0  1  1  -1  4   3  3  1  0  0  0/0    27:55   3:29   0:00 
Vladislav Gavrikov       0  0  0  -2  0   1  0  1  0  0  0/0    22:23   3:18   1:35 

3 Stars

1 - Will Borgen (PHI)
2 - Miles Wood (PHI)
3 - Joshua Norris (HFD)

Power Play

Philadelphia Flyers - 1 on 2 Attempt(s) - 50.00%
Hartford Whalers - 3 on 6 Attempt(s) - 50.00%

Penalty Kill

Philadelphia Flyers - 3 on 6 Attempt(s) - 50.00% - Score 0 goal in Penalty Kill
Hartford Whalers - 1 on 2 Attempt(s) - 50.00% - Score 0 goal in Penalty Kill

Team Stat

Philadelphia Flyers - Hits : 18 - Faceoff Wins : 33 - Blocked Shots : 15 - Penalty Minutes : 12
Hartford Whalers - Hits : 21 - Faceoff Wins : 36 - Blocked Shots : 6 - Penalty Minutes : 4

Official

Referees : Tj Luxmore and Jordan Samuels
Linesman : Matt MacPherson and Bryan Pancich

Game Notes

No Game Note

Finance

Level 1 -- Attendance: 5298 (52.98%) -- Ticket Income $450,330
Level 2 -- Attendance: 4580 (91.60%) -- Ticket Income $251,900
Level 3 -- Attendance: 2815 (93.83%) -- Ticket Income $84,450
Level 4 -- Attendance: 4886 (97.72%) -- Ticket Income $97,720
Luxury Box -- Attendance: 851 (85.10%) -- Ticket Income $161,690
Game was played at the Hartford Civic Center.
Total Attendance: 18430 (76.79%)
Total Ticket Income: $1,046,090
Other Income: $366,132
Total Income: $1,412,222

Philadelphia Flyers

5 vs 5 Forward 
   Center                   Left Wing                Right Wing               Time % Phy DF OF 
 1 Colton Sissons           Thomas Novak             Marcus Johansson         25     1   2  2  
 2 Cody Glass               Jeff Skinner             Brandon Duhaime          25     1   2  2  
 3 Luca Del Bel Belluz      Jack McBain              Casey Cizikas            25     1   2  2  
 4 Radek Faksa              Juuso Parssinen          Miles Wood               25     1   2  2  

5 vs 5 Defense 
   Defense                  Defense                                           Time % Phy DF OF 
 1 Joel Edmundson           Nick Blankenburg                                  35     1   2  2  
 2 J.J. Moser               Henri Jokiharju                                   35     1   2  2  
 3 Will Borgen              Louis Crevier                                     30     1   2  2  
 4 Joel Edmundson           Nick Blankenburg                                  0      1   2  2  

PowerPlay Forward 
   Center                   Left Wing                Right Wing               Time % Phy DF OF 
 1 Luca Del Bel Belluz      Thomas Novak             Marcus Johansson         50     1   2  2  
 2 Cody Glass               Jeff Skinner             Colton Sissons           50     1   2  2  

PowerPlay Defense
   Defense                  Defense                                           Time % Phy DF OF 
 1 Henri Jokiharju          Joel Edmundson                                    50     1   2  2  
 2 Nick Blankenburg         Louis Crevier                                     50     1   2  2  

Penalty Kill 4 Players Forward 
   Center                   Wing                     Time % Phy DF OF 
 1 Colton Sissons           Brandon Duhaime          50     1   2  2  
 2 Radek Faksa              Jack McBain              50     1   2  2  

Penalty Kill 4 Players Defense
   Defense                  Defense                  Time % Phy DF OF 
 1 Louis Crevier            Nick Blankenburg         50     1   2  2  
 2 Will Borgen              Joel Edmundson           50     1   2  2  

Penalty Kill - 3 Players Forward 
   Forward                                           Time % Phy DF OF 
 1 Colton Sissons                                    50     1   2  2  
 2 Radek Faksa                                       50     1   2  2  

Penalty Kill - 3 Players Defense
   Defense                  Defense                  Time % Phy DF OF 
 1 Louis Crevier            Nick Blankenburg         50     1   2  2  
 2 Will Borgen              Joel Edmundson           50     1   2  2  

4 vs 4 Forward 
   Center                   Wing                     Time % Phy DF OF 
 1 Colton Sissons           Thomas Novak             50     1   2  2  
 2 Cody Glass               Jeff Skinner             50     1   2  2  

4 vs 4 Defense
   Defense                  Defense                  Time % Phy DF OF 
 1 Joel Edmundson           Nick Blankenburg         50     1   2  2  
 2 J.J. Moser               Henri Jokiharju          50     1   2  2  

Last Minutes Offensive
   Center                   Left Wing                Right Wing               Defense                  Defense                  
   Luca Del Bel Belluz      Thomas Novak             Jeff Skinner             Henri Jokiharju          Nick Blankenburg         

Last Minutes Defensive
   Center                   Left Wing                Right Wing               Defense                  Defense                  
   Colton Sissons           Brandon Duhaime          Radek Faksa              Louis Crevier            Nick Blankenburg         

Goaltenders
Starting : Jake Allen               
Backup : Alexandar Georgiev       

Extra Forwards
Normal : Colton Sissons, Cody Glass, Marcus Johansson - PP : Thomas Novak, Jeff Skinner - PK : Colton Sissons
Extra Defensemen
Normal : Joel Edmundson, J.J. Moser, Will Borgen - PP : Louis Crevier - PK : Henri Jokiharju, Nick Blankenburg
Penalty Shots
Thomas Novak, Jeff Skinner, Marcus Johansson, Cody Glass, Radek Faksa

Scratches
Zac Jones (Right Hand Injury), Josh Mahura (Healthy), Dylan Roobroeck (Healthy), Marcel Marcel (Healthy), Dylan Coghlan (Healthy)

Hartford Whalers

5 vs 5 Forward 
   Center                   Left Wing                Right Wing               Time % Phy DF OF 
 1 Nick Suzuki              Tomas Hertl              Tom Wilson               30     0   0  5  
 2 Anthony Cirelli          Pierre-Luc Dubois        Anders Lee               30     0   0  5  
 3 Joshua Norris            Matthew Coronato         Dylan Guenther           25     0   0  5  
 4 Kaapo Kakko              Jonathan Drouin          Frank Nazar              15     0   1  4  

5 vs 5 Defense 
   Defense                  Defense                                           Time % Phy DF OF 
 1 Tyler Myers              Seth Jones                                        30     1   2  2  
 2 Vladislav Gavrikov       Devon Toews                                       30     1   2  2  
 3 Braden Schneider         Charlie McAvoy                                    25     1   2  2  
 4 Tyler Myers              Seth Jones                                        15     1   2  2  

PowerPlay Forward 
   Center                   Left Wing                Right Wing               Time % Phy DF OF 
 1 Nick Suzuki              Joshua Norris            Tom Wilson               50     1   0  4  
 2 Anthony Cirelli          Tomas Hertl              Pierre-Luc Dubois        50     1   0  4  

PowerPlay Defense
   Defense                  Defense                                           Time % Phy DF OF 
 1 Tyler Myers              Seth Jones                                        50     1   2  2  
 2 Vladislav Gavrikov       Devon Toews                                       50     1   2  2  

Penalty Kill 4 Players Forward 
   Center                   Wing                     Time % Phy DF OF 
 1 Nick Suzuki              Tom Wilson               50     1   2  2  
 2 Joshua Norris            Anthony Cirelli          50     1   2  2  

Penalty Kill 4 Players Defense
   Defense                  Defense                  Time % Phy DF OF 
 1 Tyler Myers              Seth Jones               50     1   2  2  
 2 Vladislav Gavrikov       Devon Toews              50     1   2  2  

Penalty Kill - 3 Players Forward 
   Forward                                           Time % Phy DF OF 
 1 Anthony Cirelli                                   50     1   3  1  
 2 Joshua Norris                                     50     1   3  1  

Penalty Kill - 3 Players Defense
   Defense                  Defense                  Time % Phy DF OF 
 1 Tyler Myers              Seth Jones               50     2   3  0  
 2 Vladislav Gavrikov       Devon Toews              50     2   3  0  

4 vs 4 Forward 
   Center                   Wing                     Time % Phy DF OF 
 1 Nick Suzuki              Tom Wilson               50     0   0  5  
 2 Joshua Norris            Anthony Cirelli          50     0   1  4  

4 vs 4 Defense
   Defense                  Defense                  Time % Phy DF OF 
 1 Tyler Myers              Seth Jones               50     1   2  2  
 2 Vladislav Gavrikov       Devon Toews              50     1   2  2  

Last Minutes Offensive
   Center                   Left Wing                Right Wing               Defense                  Defense                  
   Nick Suzuki              Joshua Norris            Tom Wilson               Tyler Myers              Seth Jones               

Last Minutes Defensive
   Center                   Left Wing                Right Wing               Defense                  Defense                  
   Nick Suzuki              Joshua Norris            Tom Wilson               Tyler Myers              Seth Jones               

Goaltenders
Starting : Samuel Montembeault      
Backup : Spencer Knight           

Extra Forwards
Normal : Dylan Guenther, Anders Lee, Jonathan Drouin - PP : Dylan Guenther, Anders Lee - PK : Jonathan Drouin
Extra Defensemen
Normal : Braden Schneider, Charlie McAvoy, Vladislav Gavrikov - PP : Braden Schneider - PK : Charlie McAvoy, Vladislav Gavrikov
Penalty Shots
Nick Suzuki, Tom Wilson, Joshua Norris, Anthony Cirelli, Tomas Hertl

Scratches
Alex Newhook (Healthy), Danny Zhilkin (Healthy)

% Time on Ice - Philadelphia Flyers

Lines # - Real PCT - Wanted PCT - Time Play
Normal Forward
1 - 25% - 25% - 12:41
2 - 28% - 25% - 14:02
3 - 24% - 25% - 12:11
4 - 24% - 25% - 12:03
Normal Defense
1 - 37% - 35% - 18:46
2 - 34% - 35% - 17:33
3 - 29% - 30% - 14:38
4 - 0% - 0% - 0:00
PP Forward
1 - 54% - 50% - 1:14
2 - 46% - 50% - 1:02
PP Defense
1 - 46% - 50% - 1:03
2 - 54% - 50% - 1:13
PK Forward
1 - 46% - 50% - 3:09
2 - 54% - 50% - 3:38
PK Defense
1 - 54% - 50% - 3:38
2 - 46% - 50% - 3:09
PK3 Forward
1 - 0% - 50%
2 - 0% - 50%
PK3 Defense
1 - 0% - 50%
2 - 0% - 50%
44 Forward
1 - 48% - 50% - 2:25
2 - 52% - 50% - 2:35
44 Defense
1 - 44% - 50% - 2:13
2 - 56% - 50% - 2:47
Last Minute Offensive  - 0:00
Last Minute Defensive  - 0:00
Total
Forward - 65:00
Defense - 65:00

% Time on Ice - Hartford Whalers

Lines # - Real PCT - Wanted PCT - Time Play
Normal Forward
1 - 29% - 30% - 14:44
2 - 30% - 30% - 15:17
3 - 23% - 25% - 11:50
4 - 18% - 15% - 9:06
Normal Defense
1 - 30% - 30% - 15:18
2 - 31% - 30% - 15:42
3 - 26% - 25% - 13:02
4 - 14% - 15% - 6:55
PP Forward
1 - 48% - 50% - 3:17
2 - 52% - 50% - 3:30
PP Defense
1 - 51% - 50% - 3:29
2 - 49% - 50% - 3:18
PK Forward
1 - 55% - 50% - 1:15
2 - 45% - 50% - 1:01
PK Defense
1 - 54% - 50% - 1:13
2 - 46% - 50% - 1:03
PK3 Forward
1 - 0% - 50%
2 - 0% - 50%
PK3 Defense
1 - 0% - 50%
2 - 0% - 50%
44 Forward
1 - 49% - 50% - 2:27
2 - 51% - 50% - 2:33
44 Defense
1 - 61% - 50% - 3:02
2 - 39% - 50% - 1:58
Last Minute Offensive  - 0:00
Last Minute Defensive  - 0:00
Total
Forward - 65:00
Defense - 65:00

Play-by-Play

1st period


0:01 of 1st period - Nick Suzuki wins face-off versus Colton Sissons in neutral zone.
0:18 of 1st period - Tyler Myers is hit by Colton Sissons and loses puck.
2:13 of 1st period - Icing by Anthony Cirelli.
2:14 of 1st period - Anthony Cirelli wins face-off versus Luca Del Bel Belluz in Hartford Whalers zone.
2:21 of 1st period - Wrist shot by Anthony Cirelli.
2:21 of 1st period - Stopped by Jake Allen with a rebound.
2:23 of 1st period - Slapshot by Devon Toews.
2:23 of 1st period - Stopped by Jake Allen with a rebound.
3:48 of 1st period - Wrist shot by Anthony Cirelli.
3:48 of 1st period - Shot Misses the Net.
3:50 of 1st period - Snap shot by Anthony Cirelli.
3:50 of 1st period - Shot Blocked by Luca Del Bel Belluz.
3:52 of 1st period - Wrist shot by Vladislav Gavrikov.
3:52 of 1st period - Deflect By Louis Crevier.
3:52 of 1st period - Stopped by Jake Allen without a rebound.
3:53 of 1st period - Nick Suzuki wins face-off versus Radek Faksa in Philadelphia Flyers zone.
4:00 of 1st period - Snap shot by Tomas Hertl.
4:00 of 1st period - Shot Misses the Net.
4:02 of 1st period - Slapshot by Charlie McAvoy.
4:02 of 1st period - Deflect By J.J. Moser.
4:02 of 1st period - Stopped by Jake Allen with a rebound.
4:04 of 1st period - Snap shot by Tom Wilson.
4:04 of 1st period - Shot Misses the Net.
4:20 of 1st period - Matthew Coronato is hit by Jeff Skinner and loses puck.
4:45 of 1st period - Snap shot by Kaapo Kakko.
4:45 of 1st period - Shot Blocked by Nick Blankenburg.
4:49 of 1st period - Backhand shot by Kaapo Kakko.
4:49 of 1st period - Stopped by Jake Allen with a rebound.
5:14 of 1st period - Charlie McAvoy is hit by Miles Wood and loses puck.
5:49 of 1st period - Tyler Myers is hit by Joel Edmundson and loses puck.
8:14 of 1st period - Will Borgen is hit by Devon Toews and loses puck.
8:28 of 1st period - Braden Schneider is hit by Will Borgen and loses puck.
8:41 of 1st period - Icing by Thomas Novak.
8:42 of 1st period - Colton Sissons wins face-off versus Anthony Cirelli in Philadelphia Flyers zone.
8:47 of 1st period - Anders Lee is hit by J.J. Moser and loses puck.
9:09 of 1st period - Braden Schneider is hit by Nick Blankenburg and loses puck.
9:54 of 1st period - Wrist shot by Joshua Norris.
9:54 of 1st period - Deflect By Anders Lee.
9:54 of 1st period - Shot Misses the Net.
9:54 of 1st period - Puck is out of play.
9:55 of 1st period - Anthony Cirelli wins face-off versus Luca Del Bel Belluz in Philadelphia Flyers zone.
10:22 of 1st period - Slapshot by Jack McBain.
10:22 of 1st period - Shot Misses the Net.
10:24 of 1st period - Wrist shot by Jack McBain.
10:24 of 1st period - Shot Misses the Net.
10:32 of 1st period - Wrist shot by Jack McBain.
10:32 of 1st period - Shot Misses the Net.
10:34 of 1st period - Snap shot by Jack McBain.
10:34 of 1st period - Shot Blocked by Vladislav Gavrikov.
10:36 of 1st period - Wrist shot by Jack McBain.
10:36 of 1st period - Stopped by Samuel Montembeault with a rebound.
10:38 of 1st period - Backhand shot by Will Borgen.
10:38 of 1st period - Stopped by Samuel Montembeault with a rebound.
10:40 of 1st period - Slapshot by Louis Crevier.
10:40 of 1st period - Deflect By Jack McBain.
10:40 of 1st period - Shot Misses the Net.
10:40 of 1st period - Puck is out of play.
10:41 of 1st period - Joshua Norris wins face-off versus Radek Faksa in Hartford Whalers zone.
10:50 of 1st period - Wrist shot by Joshua Norris.
10:50 of 1st period - Shot Misses the Net.
10:52 of 1st period - Snap shot by Joshua Norris.
10:52 of 1st period - Shot Blocked by Henri Jokiharju.
10:54 of 1st period - Slapshot by Tyler Myers.
10:54 of 1st period - Stopped by Jake Allen with a rebound.
10:56 of 1st period - Snap shot by Matthew Coronato.
10:56 of 1st period - Shot Misses the Net.
11:11 of 1st period - Wrist shot by Colton Sissons.
11:11 of 1st period - Stopped by Samuel Montembeault without a rebound.
11:12 of 1st period - Nick Suzuki wins face-off versus Cody Glass in Hartford Whalers zone.
11:39 of 1st period - Charlie McAvoy is hit by Juuso Parssinen and loses puck.
12:13 of 1st period - Tyler Myers is hit by Henri Jokiharju and loses puck.
12:31 of 1st period - Tyler Myers is hit by Casey Cizikas and loses puck.
12:57 of 1st period - Snap shot by Tom Wilson.
12:57 of 1st period - Shot Blocked by Will Borgen.
13:07 of 1st period - Wrist shot by Matthew Coronato.
13:07 of 1st period - Shot Blocked by Louis Crevier.
13:09 of 1st period - Slapshot by Joshua Norris.
13:09 of 1st period - Goal by Joshua Norris - Philadelphia Flyers : 0 - Hartford Whalers : 1.
13:10 of 1st period - Nick Suzuki wins face-off versus Radek Faksa in neutral zone.
13:38 of 1st period - Off-side.
13:39 of 1st period - Joshua Norris wins face-off versus Colton Sissons in neutral zone.
14:06 of 1st period - Nick Blankenburg is hit by Dylan Guenther and loses puck.
14:16 of 1st period - Minor Penalty to Tyler Myers for Holding.
14:17 of 1st period - Nick Suzuki wins face-off versus Cody Glass in Hartford Whalers zone.
16:16 of 1st period - Penalty to Tyler Myers is over, Tyler Myers is back on ice.
16:25 of 1st period - Wrist shot by Jonathan Drouin.
16:25 of 1st period - Stopped by Jake Allen without a rebound.
16:26 of 1st period - Kaapo Kakko wins face-off versus Radek Faksa in Philadelphia Flyers zone.
16:39 of 1st period - Slapshot by Frank Nazar.
16:39 of 1st period - Stopped by Jake Allen with a rebound.
16:50 of 1st period - Minor Penalty to J.J. Moser for Interference.
16:51 of 1st period - Nick Suzuki wins face-off versus Colton Sissons in Philadelphia Flyers zone.
17:02 of 1st period - Snap shot by Tom Wilson.
17:02 of 1st period - Shot Misses the Net.
17:04 of 1st period - Wrist shot by Tom Wilson.
17:04 of 1st period - Goal by Tom Wilson - Philadelphia Flyers : 0 - Hartford Whalers : 2.
17:05 of 1st period - Nick Suzuki wins face-off versus Cody Glass in neutral zone.
18:12 of 1st period - Joshua Norris is hit by Miles Wood and loses puck.
18:23 of 1st period - Snap shot by Miles Wood.
18:23 of 1st period - Shot Blocked by Joshua Norris.
18:49 of 1st period - Snap shot by Juuso Parssinen.
18:49 of 1st period - Deflect By Radek Faksa.
18:49 of 1st period - Shot Misses the Net.
18:49 of 1st period - Puck is out of play.
18:50 of 1st period - Nick Suzuki wins face-off versus Cody Glass in Hartford Whalers zone.
19:01 of 1st period - Snap shot by Nick Suzuki.
19:01 of 1st period - Shot Misses the Net.
19:03 of 1st period - Slapshot by Tyler Myers.
19:03 of 1st period - Shot Misses the Net.
19:05 of 1st period - Snap shot by Tomas Hertl.
19:05 of 1st period - Stopped by Jake Allen without a rebound.
19:06 of 1st period - Anthony Cirelli wins face-off versus Luca Del Bel Belluz in Philadelphia Flyers zone.
19:11 of 1st period - Slapshot by Pierre-Luc Dubois.
19:11 of 1st period - Shot Blocked by J.J. Moser.
19:17 of 1st period - Snap shot by Anthony Cirelli.
19:17 of 1st period - Deflect By Anders Lee.
19:17 of 1st period - Stopped by Jake Allen without a rebound.
19:18 of 1st period - Cody Glass wins face-off versus Nick Suzuki in Philadelphia Flyers zone.
19:33 of 1st period - Backhand shot by Nick Suzuki.
19:33 of 1st period - Deflect By Tomas Hertl.
19:33 of 1st period - Shot Misses the Net.
19:33 of 1st period - Puck is out of play.
19:34 of 1st period - Colton Sissons wins face-off versus Anthony Cirelli in Philadelphia Flyers zone.
19:34 of 1st period - Colton Sissons is hit by Seth Jones.
19:42 of 1st period - Wrist shot by Colton Sissons.
19:42 of 1st period - Shot Blocked by Tyler Myers.
Goals for this period are 0 for Philadelphia Flyers vs 2 for Hartford Whalers.
Shots for this period are 3 for Philadelphia Flyers vs 12 for Hartford Whalers.

2nd period


0:01 of 2nd period - Cody Glass wins face-off versus Nick Suzuki in neutral zone.
0:03 of 2nd period - Off-side.
0:04 of 2nd period - Cody Glass wins face-off versus Nick Suzuki in neutral zone.
0:13 of 2nd period - Wrist shot by Jeff Skinner.
0:13 of 2nd period - Stopped by Samuel Montembeault without a rebound.
0:14 of 2nd period - Luca Del Bel Belluz wins face-off versus Nick Suzuki in Hartford Whalers zone.
0:40 of 2nd period - Nick Suzuki is hit by Will Borgen and loses puck.
1:40 of 2nd period - Slapshot by Tomas Hertl.
1:40 of 2nd period - Stopped by Jake Allen with a rebound.
2:06 of 2nd period - Slapshot by Nick Suzuki.
2:06 of 2nd period - Stopped by Jake Allen without a rebound.
2:07 of 2nd period - Anthony Cirelli wins face-off versus Luca Del Bel Belluz in Philadelphia Flyers zone.
2:18 of 2nd period - Nick Blankenburg is hit by Anders Lee and loses puck.
2:53 of 2nd period - Wrist shot by Juuso Parssinen.
2:53 of 2nd period - Stopped by Samuel Montembeault without a rebound.
2:54 of 2nd period - Radek Faksa wins face-off versus Kaapo Kakko in Hartford Whalers zone.
2:59 of 2nd period - Wrist shot by Juuso Parssinen.
2:59 of 2nd period - Stopped by Samuel Montembeault without a rebound.
3:00 of 2nd period - Miles Wood wins face-off versus Anthony Cirelli in Hartford Whalers zone.
3:01 of 2nd period - Snap shot by Radek Faksa.
3:01 of 2nd period - Shot Blocked by Anthony Cirelli.
4:19 of 2nd period - Slapshot by Colton Sissons.
4:19 of 2nd period - Stopped by Samuel Montembeault with a rebound.
4:21 of 2nd period - Slapshot by Joel Edmundson.
4:21 of 2nd period - Shot Misses the Net.
4:23 of 2nd period - Slapshot by Joel Edmundson.
4:23 of 2nd period - Stopped by Samuel Montembeault with a rebound.
4:25 of 2nd period - Snap shot by Marcus Johansson.
4:25 of 2nd period - Stopped by Samuel Montembeault without a rebound.
4:26 of 2nd period - Joshua Norris wins face-off versus Cody Glass in Hartford Whalers zone.
4:33 of 2nd period - Snap shot by Dylan Guenther.
4:33 of 2nd period - Shot Misses the Net.
4:35 of 2nd period - Wrist shot by Matthew Coronato.
4:35 of 2nd period - Deflect By Joshua Norris.
4:35 of 2nd period - Stopped by Jake Allen with a rebound.
4:37 of 2nd period - Snap shot by Joshua Norris.
4:37 of 2nd period - Stopped by Jake Allen without a rebound.
4:38 of 2nd period - Luca Del Bel Belluz wins face-off versus Anthony Cirelli in Philadelphia Flyers zone.
5:08 of 2nd period - Slapshot by Colton Sissons.
5:08 of 2nd period - Goal by Colton Sissons - Philadelphia Flyers : 1 - Hartford Whalers : 2.
5:09 of 2nd period - Cody Glass wins face-off versus Anthony Cirelli in neutral zone.
5:14 of 2nd period - Snap shot by Brandon Duhaime.
5:14 of 2nd period - Goal by Brandon Duhaime - Philadelphia Flyers : 2 - Hartford Whalers : 2.
5:15 of 2nd period - Anthony Cirelli wins face-off versus Jack McBain in neutral zone.
5:42 of 2nd period - Tom Wilson is hit by Cody Glass.
7:23 of 2nd period - Icing by Braden Schneider.
7:24 of 2nd period - Nick Suzuki wins face-off versus Cody Glass in Hartford Whalers zone.
7:59 of 2nd period - Wrist shot by Anthony Cirelli.
7:59 of 2nd period - Stopped by Jake Allen without a rebound.
8:00 of 2nd period - Luca Del Bel Belluz wins face-off versus Joshua Norris in Philadelphia Flyers zone.
8:07 of 2nd period - Snap shot by Joshua Norris.
8:07 of 2nd period - Shot Misses the Net.
8:09 of 2nd period - Snap shot by Seth Jones.
8:09 of 2nd period - Stopped by Jake Allen with a rebound.
8:11 of 2nd period - Slapshot by Seth Jones.
8:11 of 2nd period - Stopped by Jake Allen without a rebound.
8:12 of 2nd period - Anthony Cirelli wins face-off versus Luca Del Bel Belluz in Philadelphia Flyers zone.
8:21 of 2nd period - Snap shot by Jack McBain.
8:21 of 2nd period - Shot Misses the Net.
8:23 of 2nd period - Wrist shot by Jack McBain.
8:23 of 2nd period - Shot Blocked by Pierre-Luc Dubois.
8:25 of 2nd period - Slapshot by Joel Edmundson.
8:25 of 2nd period - Stopped by Samuel Montembeault with a rebound.
8:27 of 2nd period - Slapshot by Joel Edmundson.
8:27 of 2nd period - Deflect By Anthony Cirelli.
8:27 of 2nd period - Stopped by Samuel Montembeault with a rebound.
9:12 of 2nd period - Slapshot by Kaapo Kakko.
9:12 of 2nd period - Shot Blocked by Colton Sissons.
9:32 of 2nd period - Backhand shot by Joshua Norris.
9:32 of 2nd period - Stopped by Jake Allen with a rebound.
10:05 of 2nd period - Off-side.
10:06 of 2nd period - Nick Suzuki wins face-off versus Luca Del Bel Belluz in neutral zone.
10:23 of 2nd period - Snap shot by Tom Wilson.
10:23 of 2nd period - Shot Misses the Net.
10:46 of 2nd period - Snap shot by Dylan Guenther.
10:46 of 2nd period - Stopped by Jake Allen without a rebound.
10:47 of 2nd period - Radek Faksa wins face-off versus Anthony Cirelli in Philadelphia Flyers zone.
11:00 of 2nd period - Slapshot by Henri Jokiharju.
11:00 of 2nd period - Stopped by Samuel Montembeault with a rebound.
11:40 of 2nd period - Jeff Skinner is hit by Devon Toews and loses puck.
12:43 of 2nd period - Wrist shot by Joshua Norris.
12:43 of 2nd period - Shot Misses the Net.
12:51 of 2nd period - Snap shot by Casey Cizikas.
12:51 of 2nd period - Shot Misses the Net.
12:53 of 2nd period - Slapshot by Henri Jokiharju.
12:53 of 2nd period - Shot Blocked by Joshua Norris.
12:55 of 2nd period - Slapshot by J.J. Moser.
12:55 of 2nd period - Shot Misses the Net.
13:05 of 2nd period - Slapshot by Luca Del Bel Belluz.
13:05 of 2nd period - Stopped by Samuel Montembeault without a rebound.
13:06 of 2nd period - Cody Glass wins face-off versus Tom Wilson in Hartford Whalers zone.
13:09 of 2nd period - Snap shot by Cody Glass.
13:09 of 2nd period - Deflect By Jeff Skinner.
13:09 of 2nd period - Shot Misses the Net.
13:09 of 2nd period - Puck is out of play.
13:10 of 2nd period - Cody Glass wins face-off versus Nick Suzuki in Hartford Whalers zone.
14:03 of 2nd period - Snap shot by Pierre-Luc Dubois.
14:03 of 2nd period - Shot Blocked by Joel Edmundson.
14:05 of 2nd period - Wrist shot by Anders Lee.
14:05 of 2nd period - Stopped by Jake Allen without a rebound.
14:06 of 2nd period - Colton Sissons wins face-off versus Anthony Cirelli in Philadelphia Flyers zone.
14:17 of 2nd period - Slapshot by Anthony Cirelli.
14:17 of 2nd period - Stopped by Jake Allen with a rebound.
14:19 of 2nd period - Slapshot by Tyler Myers.
14:19 of 2nd period - Stopped by Jake Allen with a rebound.
14:23 of 2nd period - Wrist shot by Pierre-Luc Dubois.
14:23 of 2nd period - Shot Misses the Net.
14:40 of 2nd period - Wrist shot by Tom Wilson.
14:40 of 2nd period - Stopped by Jake Allen without a rebound.
14:41 of 2nd period - Joshua Norris wins face-off versus Radek Faksa in Philadelphia Flyers zone.
15:43 of 2nd period - Minor Penalty to Brandon Duhaime for High sticking.
15:44 of 2nd period - Radek Faksa wins face-off versus Anthony Cirelli in Philadelphia Flyers zone.
15:44 of 2nd period - Radek Faksa is hit by Pierre-Luc Dubois.
15:52 of 2nd period - Off-side.
15:53 of 2nd period - Anthony Cirelli wins face-off versus Colton Sissons in neutral zone.
16:02 of 2nd period - Wrist shot by Anthony Cirelli.
16:02 of 2nd period - Goal by Anthony Cirelli - Philadelphia Flyers : 2 - Hartford Whalers : 3.
16:03 of 2nd period - Radek Faksa wins face-off versus Anthony Cirelli in neutral zone.
16:06 of 2nd period - Slapshot by Will Borgen.
16:06 of 2nd period - Stopped by Samuel Montembeault without a rebound.
16:07 of 2nd period - Radek Faksa wins face-off versus Anthony Cirelli in Hartford Whalers zone.
16:22 of 2nd period - Wrist shot by Anders Lee.
16:22 of 2nd period - Stopped by Jake Allen without a rebound.
16:23 of 2nd period - Colton Sissons wins face-off versus Nick Suzuki in Philadelphia Flyers zone.
16:36 of 2nd period - Thomas Novak is hit by Tom Wilson and loses puck.
17:18 of 2nd period - Snap shot by J.J. Moser.
17:18 of 2nd period - Stopped by Samuel Montembeault with a rebound.
18:41 of 2nd period - Vladislav Gavrikov is hit by Joel Edmundson and loses puck.
19:01 of 2nd period - Slapshot by Will Borgen.
19:01 of 2nd period - Deflect By Radek Faksa.
19:01 of 2nd period - Goal by Radek Faksa - Philadelphia Flyers : 3 - Hartford Whalers : 3.
19:02 of 2nd period - Nick Suzuki wins face-off versus Colton Sissons in neutral zone.
19:09 of 2nd period - Snap shot by Tom Wilson.
19:09 of 2nd period - Shot Blocked by Will Borgen.
19:11 of 2nd period - Wrist shot by Nick Suzuki.
19:11 of 2nd period - Stopped by Jake Allen without a rebound.
19:12 of 2nd period - Nick Suzuki wins face-off versus Colton Sissons in Philadelphia Flyers zone.
19:23 of 2nd period - Louis Crevier is hit by Tyler Myers.
19:58 of 2nd period - Minor Penalty to Tyler Myers for Hooking.
19:59 of 2nd period - Joshua Norris wins face-off versus Cody Glass in Hartford Whalers zone.
Goals for this period are 3 for Philadelphia Flyers vs 1 for Hartford Whalers.
Shots for this period are 15 for Philadelphia Flyers vs 16 for Hartford Whalers.

3rd period


0:01 of 3rd period - Nick Suzuki wins face-off versus Luca Del Bel Belluz in neutral zone.
0:06 of 3rd period - Wrist shot by Tom Wilson.
0:06 of 3rd period - Shot Misses the Net.
0:15 of 3rd period - Slapshot by Louis Crevier.
0:15 of 3rd period - Goal by Louis Crevier - Philadelphia Flyers : 4 - Hartford Whalers : 3.
0:16 of 3rd period - Cody Glass wins face-off versus Anthony Cirelli in neutral zone.
0:19 of 3rd period - Slapshot by J.J. Moser.
0:19 of 3rd period - Shot Misses the Net.
0:41 of 3rd period - Luca Del Bel Belluz is hit by Tyler Myers and loses puck.
1:31 of 3rd period - Wrist shot by Nick Blankenburg.
1:31 of 3rd period - Stopped by Samuel Montembeault without a rebound.
1:32 of 3rd period - Colton Sissons wins face-off versus Anthony Cirelli in Hartford Whalers zone.
1:55 of 3rd period - Snap shot by Marcus Johansson.
1:55 of 3rd period - Deflect By Colton Sissons.
1:55 of 3rd period - Stopped by Samuel Montembeault without a rebound.
1:56 of 3rd period - Joshua Norris wins face-off versus Jeff Skinner in Hartford Whalers zone.
1:56 of 3rd period - Joshua Norris is hit by Cody Glass.
2:21 of 3rd period - Henri Jokiharju is hit by Tomas Hertl and loses puck.
4:00 of 3rd period - Minor Penalty to Jack McBain for Roughing.
4:01 of 3rd period - Radek Faksa wins face-off versus Nick Suzuki in Philadelphia Flyers zone.
4:10 of 3rd period - Colton Sissons is hit by Joshua Norris and loses puck.
4:17 of 3rd period - Wrist shot by Nick Suzuki.
4:17 of 3rd period - Goal by Nick Suzuki - Philadelphia Flyers : 4 - Hartford Whalers : 4.
4:18 of 3rd period - Radek Faksa wins face-off versus Anthony Cirelli in neutral zone.
4:21 of 3rd period - Snap shot by Anthony Cirelli.
4:21 of 3rd period - Stopped by Jake Allen with a rebound.
4:23 of 3rd period - Snap shot by Braden Schneider.
4:23 of 3rd period - Stopped by Jake Allen with a rebound.
4:27 of 3rd period - Slapshot by Pierre-Luc Dubois.
4:27 of 3rd period - Shot Blocked by Nick Blankenburg.
4:56 of 3rd period - Slapshot by Charlie McAvoy.
4:56 of 3rd period - Deflect By Brandon Duhaime.
4:56 of 3rd period - Stopped by Jake Allen with a rebound.
5:07 of 3rd period - Minor Penalty to Jack McBain for High sticking.
5:08 of 3rd period - Radek Faksa wins face-off versus Anthony Cirelli in Philadelphia Flyers zone.
5:40 of 3rd period - Slapshot by Tyler Myers.
5:40 of 3rd period - Shot Blocked by Will Borgen.
7:07 of 3rd period - Penalty to Jack McBain is over, Jack McBain is back on ice.
7:20 of 3rd period - Backhand shot by Brandon Duhaime.
7:20 of 3rd period - Stopped by Samuel Montembeault with a rebound.
7:32 of 3rd period - Jack McBain is hit by Braden Schneider and loses puck.
7:39 of 3rd period - Luca Del Bel Belluz is hit by Anders Lee and loses puck.
7:58 of 3rd period - Wrist shot by Dylan Guenther.
7:58 of 3rd period - Shot Blocked by Colton Sissons.
8:01 of 3rd period - Icing by Will Borgen.
8:02 of 3rd period - Colton Sissons wins face-off versus Kaapo Kakko in Philadelphia Flyers zone.
8:02 of 3rd period - Colton Sissons is hit by Tyler Myers.
8:38 of 3rd period - Wrist shot by Miles Wood.
8:38 of 3rd period - Goal by Miles Wood - Philadelphia Flyers : 5 - Hartford Whalers : 4.
8:39 of 3rd period - Brandon Duhaime wins face-off versus Nick Suzuki in neutral zone.
9:05 of 3rd period - Radek Faksa is hit by Anthony Cirelli and loses puck.
9:26 of 3rd period - Wrist shot by Jonathan Drouin.
9:26 of 3rd period - Shot Blocked by Luca Del Bel Belluz.
9:28 of 3rd period - Snap shot by Jonathan Drouin.
9:28 of 3rd period - Stopped by Jake Allen without a rebound.
9:29 of 3rd period - Kaapo Kakko wins face-off versus Luca Del Bel Belluz in Philadelphia Flyers zone.
9:38 of 3rd period - Wrist shot by Kaapo Kakko.
9:38 of 3rd period - Stopped by Jake Allen with a rebound.
9:50 of 3rd period - Minor Penalty to Nick Blankenburg for Tripping.
9:51 of 3rd period - Colton Sissons wins face-off versus Anthony Cirelli in Philadelphia Flyers zone.
10:18 of 3rd period - Brandon Duhaime is hit by Tomas Hertl and loses puck.
10:39 of 3rd period - Snap shot by Tomas Hertl.
10:39 of 3rd period - Stopped by Jake Allen without a rebound.
10:40 of 3rd period - Radek Faksa wins face-off versus Nick Suzuki in Philadelphia Flyers zone.
10:51 of 3rd period - Jack McBain is hit by Tom Wilson and loses puck.
11:50 of 3rd period - Penalty to Nick Blankenburg is over, Nick Blankenburg is back on ice.
11:58 of 3rd period - Henri Jokiharju is hit by Devon Toews and loses puck.
12:05 of 3rd period - Wrist shot by Jonathan Drouin.
12:05 of 3rd period - Shot Misses the Net.
12:27 of 3rd period - Backhand shot by Colton Sissons.
12:27 of 3rd period - Stopped by Samuel Montembeault without a rebound.
12:28 of 3rd period - Kaapo Kakko wins face-off versus Colton Sissons in Hartford Whalers zone.
12:33 of 3rd period - Wrist shot by Frank Nazar.
12:33 of 3rd period - Stopped by Jake Allen without a rebound.
12:34 of 3rd period - Cody Glass wins face-off versus Kaapo Kakko in Philadelphia Flyers zone.
12:39 of 3rd period - Vladislav Gavrikov is hit by Brandon Duhaime and loses puck.
12:48 of 3rd period - Snap shot by Jonathan Drouin.
12:48 of 3rd period - Shot Misses the Net.
12:50 of 3rd period - Backhand shot by Jonathan Drouin.
12:50 of 3rd period - Deflect By Brandon Duhaime.
12:50 of 3rd period - Stopped by Jake Allen with a rebound.
12:52 of 3rd period - Slapshot by Devon Toews.
12:52 of 3rd period - Deflect By Jeff Skinner.
12:52 of 3rd period - Stopped by Jake Allen without a rebound.
12:53 of 3rd period - Nick Suzuki wins face-off versus Colton Sissons in Philadelphia Flyers zone.
13:00 of 3rd period - Backhand shot by Nick Suzuki.
13:00 of 3rd period - Deflect By Tom Wilson.
13:00 of 3rd period - Shot Misses the Net.
13:00 of 3rd period - Puck is out of play.
13:01 of 3rd period - Colton Sissons wins face-off versus Nick Suzuki in Philadelphia Flyers zone.
13:50 of 3rd period - Snap shot by Tom Wilson.
13:50 of 3rd period - Stopped by Jake Allen with a rebound.
13:52 of 3rd period - Wrist shot by Tyler Myers.
13:52 of 3rd period - Stopped by Jake Allen with a rebound.
13:54 of 3rd period - Wrist shot by Tomas Hertl.
13:54 of 3rd period - Goal by Tomas Hertl - Philadelphia Flyers : 5 - Hartford Whalers : 5.
13:55 of 3rd period - Luca Del Bel Belluz wins face-off versus Anthony Cirelli in neutral zone.
13:57 of 3rd period - Minor Penalty to Louis Crevier for Tripping.
13:58 of 3rd period - Nick Suzuki wins face-off versus Colton Sissons in Philadelphia Flyers zone.
15:57 of 3rd period - Penalty to Louis Crevier is over, Louis Crevier is back on ice.
16:28 of 3rd period - Braden Schneider is hit by Cody Glass and loses puck.
16:47 of 3rd period - J.J. Moser is hit by Charlie McAvoy and loses puck.
18:03 of 3rd period - Snap shot by Tom Wilson.
18:03 of 3rd period - Stopped by Jake Allen without a rebound.
18:04 of 3rd period - Kaapo Kakko wins face-off versus Radek Faksa in Philadelphia Flyers zone.
18:27 of 3rd period - Snap shot by Jeff Skinner.
18:27 of 3rd period - Shot Misses the Net.
18:33 of 3rd period - Jeff Skinner is hit by Anders Lee and loses puck.
18:52 of 3rd period - Snap shot by Dylan Guenther.
18:52 of 3rd period - Deflect By Matthew Coronato.
18:52 of 3rd period - Shot Blocked by Joel Edmundson.
18:52 of 3rd period - Puck is out of play.
18:53 of 3rd period - Joshua Norris wins face-off versus Luca Del Bel Belluz in Philadelphia Flyers zone.
18:54 of 3rd period - Snap shot by Matthew Coronato.
18:54 of 3rd period - Shot Blocked by Will Borgen.
18:56 of 3rd period - Wrist shot by Joshua Norris.
18:56 of 3rd period - Stopped by Jake Allen with a rebound.
18:58 of 3rd period - Snap shot by Dylan Guenther.
18:58 of 3rd period - Stopped by Jake Allen with a rebound.
19:26 of 3rd period - Snap shot by Frank Nazar.
19:26 of 3rd period - Deflect By Pierre-Luc Dubois.
19:26 of 3rd period - Shot Misses the Net.
19:26 of 3rd period - Puck is out of play.
19:27 of 3rd period - Anthony Cirelli wins face-off versus Cody Glass in Philadelphia Flyers zone.
19:33 of 3rd period - Icing by Henri Jokiharju.
19:34 of 3rd period - Cody Glass wins face-off versus Joshua Norris in Philadelphia Flyers zone.
19:34 of 3rd period - Cody Glass is hit by Joshua Norris.
Goals for this period are 2 for Philadelphia Flyers vs 2 for Hartford Whalers.
Shots for this period are 6 for Philadelphia Flyers vs 16 for Hartford Whalers.

Overtime #1


0:01 of 1st overtime period - Nick Suzuki wins face-off versus Colton Sissons in neutral zone.
0:03 of 1st overtime period - Off-side.
0:04 of 1st overtime period - Colton Sissons wins face-off versus Nick Suzuki in neutral zone.
0:07 of 1st overtime period - Slapshot by Joel Edmundson.
0:07 of 1st overtime period - Deflect By Tyler Myers.
0:07 of 1st overtime period - Stopped by Samuel Montembeault without a rebound.
0:08 of 1st overtime period - Nick Suzuki wins face-off versus Colton Sissons in Hartford Whalers zone.
0:15 of 1st overtime period - Snap shot by Colton Sissons.
0:15 of 1st overtime period - Shot Misses the Net.
0:33 of 1st overtime period - Snap shot by Joshua Norris.
0:33 of 1st overtime period - Stopped by Jake Allen with a rebound.
3:32 of 1st overtime period - Dylan Guenther is hit by Juuso Parssinen.
Goals for this period are 0 for Philadelphia Flyers vs 0 for Hartford Whalers.
Shots for this period are 1 for Philadelphia Flyers vs 1 for Hartford Whalers.

ShootOut


5:00 of 1st overtime period - Round #1.
5:00 of 1st overtime period - Philadelphia Flyers, Thomas Novak.
5:00 of 1st overtime period - Deke by Thomas Novak.
5:00 of 1st overtime period - Shot Misses the Net.
5:00 of 1st overtime period - Hartford Whalers, Nick Suzuki.
5:00 of 1st overtime period - Snap shot by Nick Suzuki.
5:00 of 1st overtime period - Shot Misses the Net.
5:00 of 1st overtime period - Round #2.
5:00 of 1st overtime period - Philadelphia Flyers, Jeff Skinner.
5:00 of 1st overtime period - Backhand shot by Jeff Skinner.
5:00 of 1st overtime period - Goal by Jeff Skinner.
5:00 of 1st overtime period - Hartford Whalers, Tom Wilson.
5:00 of 1st overtime period - Deke by Tom Wilson.
5:00 of 1st overtime period - Stopped by Jake Allen.
5:00 of 1st overtime period - Round #3.
5:00 of 1st overtime period - Philadelphia Flyers, Marcus Johansson.
5:00 of 1st overtime period - Wrist shot by Marcus Johansson.
5:00 of 1st overtime period - Shot Misses the Net.
5:00 of 1st overtime period - Hartford Whalers, Joshua Norris.
5:00 of 1st overtime period - Wrist shot by Joshua Norris.
5:00 of 1st overtime period - Stopped by Jake Allen.